 Dungeon Crawl Stone Soup version 0.29.1-12-g30fa7ad0bf (webtiles) character file.

Game seed: 2509312011273853802

3024 112233 the Thaumaturge (level 9, -11/72 HPs)
             Began as a Mummy Necromancer on Dec 18, 2022.
             Was a Believer of Vehumet.
             Killed from afar by Maggie (28 damage)
             ... with a bolt of fire
             ... on level 7 of the Dungeon.
             The game lasted 00:11:22 (8305 turns).

112233 the Thaumaturge (Mummy Necromancer)          Turns: 8305, Time: 00:11:23

Health: -11/72     AC:  3    Str: 11    XL:     9   Next: 55%
Magic:  0/31       EV: 13    Int: 19    God:    Vehumet [**....]
Gold:   308        SH:  0    Dex: 12    Spells: 8/27 levels left

rFire   x . .      SeeInvis .   l - +1 hand axe (flame)
rCold   + . .      Faith    .   (no shield)
rNeg    + + +      Spirit   +   a - +0 robe
rPois   ∞          Reflect  .   (no helmet)
rElec   .          Harm     .   (no cloak)
rCorr   .          Rampage  .   c - +0 pair of gloves
Will    +....                   (no boots)
Stlth   ++........              e - amulet of guardian spirit
HPRegen 0.22/turn               f - ring of magical power
MPRegen 0.22/turn               i - ring of wizardry

@: mesmerised, very slightly contaminated
A: cold resistance 1, negative energy resistance 3, torment resistance 2, heat
vulnerability 1, in touch with death 1, no potions
a: Renounce Religion


You were on level 7 of the Dungeon.
You worshipped Vehumet.
Vehumet was pleased with you.
You visited 1 branch of the dungeon, and saw 7 of its levels.

You collected 308 gold pieces.

Inventory:

Hand Weapons
 b - a +0 hand axe
 k - a +0 quarterstaff
 l - a +1 hand axe of flaming (weapon)
 t - a +2 whip of freezing
Missiles
 d - 5 silver javelins
 h - 2 boomerangs of dispersal (quivered)
Armour
 a - a +0 robe (worn)
 c - a +0 pair of gloves (worn)
Jewellery
 e - an amulet of guardian spirit (around neck)
 f - a ring of magical power (left hand)
 i - a ring of wizardry (right hand)
 n - a ring of resist corrosion
 r - a +6 ring of dexterity
Scrolls
 g - a scroll of vulnerability {unknown}
 j - 2 scrolls of brand weapon {unknown}
 m - 7 scrolls of identify
 o - a scroll of poison
 p - 2 scrolls of blinking
 s - a scroll of noise {unknown}
 u - a scroll of amnesia {unknown}


   Skills:
 + Level 7.4 Fighting
 + Level 4.7 Dodging
 - Level 1.5 Stealth
 + Level 9.7 Spellcasting
 * Level 4.4 Conjurations
 - Level 4.0 Necromancy


You had 8 spell levels left.
You knew the following spells:

 Your Spells              Type           Power      Damage    Failure   Level
a - Necrotise             Necr           100%       1d9       1%          1
b - Vampiric Draining     Necr           36%        2d8       1%          3
c - Searing Ray           Conj           52%        2d6       1%          2
d - Agony                 Necr           36%        N/A       16%         5
e - Animate Dead          Necr           36%        N/A       6%          4
f - Fulminant Prism       Conj/Hex       8%         3d7       12%         4

Your spell library contained the following spells:

 Spells                   Type           Power      Damage    Failure   Level
 Scorch                   Fire           18%        2d6       4%          2
 Magic Dart               Conj           100%       1d8       1%          1
 Gell's Gravitas          Tloc           9%         N/A       9%          3
 Teleport Other           Tloc           9%         N/A       9%          3
 Hailstorm                Conj/Ice       17%        3d6       12%         4
 Olgreb's Toxic Radiance  Pois           9%         N/A       28%         4
 Simulacrum               Ice/Necr       12%        N/A       87%         6
 Dispersal                Tloc           4%         N/A       98%         6
 Ozocubu's Refrigeration  Ice            4%         4d8       100%        7
 Ignition                 Fire           4%         3d4       100%        8
 Ice Form                 Ice/Tmut       Unusable   N/A       N/A         4

Dungeon Overview and Level Annotations

Branches:
Dungeon (7/15)             Temple (0/1) D:4

Altars:
Hepliaklqana
Kikubaaqudgha
Nemelex Xobeh
Vehumet
Xom

Shops:
D:3 *

Annotations:
D:1 exclusion: downstairs
D:3 exclusion: upstairs
D:4 exclusion: downstairs
D:7 Maggie


Innate Abilities, Weirdness & Mutations

You are immune to poison.
Your flesh is cold resistant. (rC+)
You are immune to negative energy. (rN+++)
You are immune to unholy pain and torment.
You are vulnerable to heat. (rF-)
You are in touch with the powers of death.
You do not drink.


Message History

Aim: Maggie, wielding a +0 glaive and wearing +0 steam dragon scales (poison gas, moderately wounded, mesmerising, poisoned, ally target, chance to affect: 83%)
You feel a surge of power!
Maggie writhes in agony.
Maggie is engulfed in poison gas.
Maggie looks even sicker.
Your fulminant prism crackles loudly.
Casting: Necrotise (safe; 1% risk of failure)
Confirm with . or Enter, or press ? or * to list all spells.
Aiming: Necrotise (safe; 1% risk of failure)
Press: ? - help, Shift-Dir - straight line, f/p - Maggie
Aim: Maggie, wielding a +0 glaive and wearing +0 steam dragon scales (poison gas, heavily wounded, mesmerising, very poisoned, ally target, chance to affect: 83%)
You feel a surge of power!
Maggie writhes in agony.
Maggie is engulfed in poison gas.
Maggie looks even sicker.
Maggie gestures at you while chanting. The bolt of fire hits you!!!
The fire burns you terribly!
Ouch! That really hurt!
* * * LOW HITPOINT WARNING * * *
Your fulminant prism explodes!
The blast of energy engulfs Maggie!
Maggie is severely wounded.
Unknown command.
Unknown command.
Casting: Necrotise (safe; 1% risk of failure)
Confirm with . or Enter, or press ? or * to list all spells.
Aiming: Necrotise (safe; 1% risk of failure)
Press: ? - help, Shift-Dir - straight line, f/p - Maggie
Aim: Maggie, wielding a +0 glaive and wearing +0 steam dragon scales (poison gas, severely wounded, mesmerising, very poisoned, chance to affect: 83%)
You feel a surge of power!
Maggie barely resists.
Maggie looks as sick as possible!
Maggie mumbles some strange words.
Maggie draws you further into her thrall.
Unknown command.
Casting: Necrotise (safe; 1% risk of failure)
Confirm with . or Enter, or press ? or * to list all spells.
Aiming: Necrotise (safe; 1% risk of failure)
Press: ? - help, Shift-Dir - straight line, f/p - Maggie
Aim: Maggie, wielding a +0 glaive and wearing +0 steam dragon scales (poison gas, severely wounded, mesmerising, extremely poisoned, chance to affect: 83%)
You feel a surge of power!
Maggie writhes in agony.
Maggie is engulfed in poison gas.
Maggie looks as sick as possible!
Maggie casts a spell at you. The bolt of fire hits you!!
The fire burns you terribly!
You die...

#...............#
#§☼§☼§###........#
#☼§☼.§# #......8..
#§§§§§# #.........
#§§@☼§# #...8.....
#☼§§§☼# #.........
#§§☼§§# #§§§§§#
#@§§§§# #§§§§§#
#§§§§§# #######


You could see Maggie (mesmerising, extremely poisoned).

Vanquished Creatures
  Pikel (D:5)
  A slime creature (D:7)
  Grinder (D:5)
  Sigmund (D:2)
  Menkaure (D:6)
  2 ice beasts
  2 black bears
  A centaur (D:6)
  A phantom (D:5)
  4 ogres
  A lemure (D:5)
  3 bullfrogs
  A gnoll sergeant (D:6)
  A scorpion (D:5)
  3 howler monkeys (D:7)
  4 hounds
  3 orc priests
  2 iguanas
  5 orc wizards
  6 gnolls
  6 adders
  2 white imps
  7 dart slugs
  25 orcs
  4 endoplasms
  2 giant cockroaches
  6 goblins
  5 hobgoblins
  2 quokkas
  7 ball pythons
  5 bats
  A frilled lizard (D:1)
  5 kobolds
  6 rats
127 creatures vanquished.

Vanquished Creatures (collateral kills)
  An orc (D:3)
  A rat (D:3)
2 creatures vanquished.

Vanquished Creatures (others)
  An orc wizard (D:7)
  2 fulminant prisms (D:7)
3 creatures vanquished.

Grand Total: 132 creatures vanquished

Notes
Turn   | Place    | Note
-------+----------+-------------------------------------------
     0 | D:1      | 112233 the Mummy Necromancer began the quest for the Orb.
     0 | D:1      | Reached XP level 1. HP: 13/13 MP: 4/4
   131 | D:2      | Noticed Sigmund
   147 | D:1      | Reached skill level 3 in Spellcasting
   310 | D:1      | Reached XP level 2. HP: 16/19 MP: 0/6
   414 | D:2      | Found an ancient bone altar of Kikubaaqudgha.
   636 | D:3      | Reached skill level 1 in Fighting
   636 | D:3      | Reached skill level 4 in Spellcasting
   719 | D:3      | Gained mutation: You are in touch with the powers of death.
                  | [Mummy growth]
   719 | D:3      | Reached XP level 3. HP: 22/26 MP: 4/8
   780 | D:3      | Found Ucziy's Assorted Antiques.
  1207 | D:3      | Reached XP level 4. HP: 33/33 MP: 10/10
  1258 | D:3      | Found a radiant altar of Vehumet.
  1264 | D:3      | Became a worshipper of Vehumet
  1720 | D:3      | Reached skill level 5 in Spellcasting
  1723 | D:3      | Reached XP level 5. HP: 40/40 MP: 12/12
  1739 | D:3      | Learned a level 3 spell: Vampiric Draining
  1787 | D:3      | Found a faded altar of an unknown god.
  2163 | D:4      | Found a staircase to the Ecumenical Temple.
  2312 | D:4      | Noticed an ogre
  2318 | D:4      | Killed an ogre
  2318 | D:4      | Reached * piety under Vehumet
  2318 | D:4      | Offered knowledge of Shock by Vehumet.
  2319 | D:4      | Reached skill level 6 in Spellcasting
  2319 | D:4      | Reached XP level 6. HP: 28/48 MP: 6/15
  2454 | D:4      | Noticed an ice beast
  2469 | D:4      | Killed an ice beast
  2784 | D:4      | Found a hazy altar of Hepliaklqana.
  2785 | D:4      | Found a shimmering altar of Xom.
  2786 | D:4      | Noticed a spectral ugly thing
  2941 | D:5      | Entered Level 5 of the Dungeon
  3029 | D:5      | Reached skill level 7 in Spellcasting
  3050 | D:5      | Reached XP level 7. HP: 39/55 MP: 1/17
  3240 | D:5      | Reached skill level 5 in Fighting
  3249 | D:5      | Noticed Pikel
  3604 | D:6      | Noticed Menkaure
  3618 | D:6      | Learned a level 4 spell: Animate Dead
  3624 | D:6      | Learned a level 5 spell: Agony
  3627 | D:6      | Learned a level 2 spell: Searing Ray
  4160 | D:6      | Reached skill level 8 in Spellcasting
  4340 | D:7      | Reached XP level 8. HP: 38/64 MP: 3/20
  5257 | D:1      | Offered knowledge of Scorch by Vehumet.
  5374 | D:1      | Reached ** piety under Vehumet
  6052 | D:2      | Killed Sigmund
  6053 | D:2      | Reached skill level 1 in Conjurations
  6385 | D:5      | Noticed Grinder
  6401 | D:5      | Paralysed by Grinder for 3 turns
  6409 | D:5      | Killed Grinder
  6512 | D:5      | Reached skill level 9 in Spellcasting
  6676 | D:5      | Killed Pikel
  6677 | D:5      | Reached XP level 9. HP: 62/72 MP: 11/22
  6829 | D:6      | Killed Menkaure
  7461 | D:6      | Found a sparkling altar of Nemelex Xobeh.
  8262 | D:7      | Noticed Maggie
  8277 | D:7      | Learned a level 4 spell: Fulminant Prism
  8305 | D:7      | Killed from afar by Maggie

Illustrated notes

Levels and vault maps discovered:
D:1:      kennysheep_arrival_seaside, layout_loops_corners, serial_bayou_pond_d
D:2:      layout_rooms, basic_altar, minmay_crystal_room, uniq_sigmund
D:3:      layout_basic, nicolae_vehumet_altar_sigil,
          chequers_ecumenical_altar_simple, serial_shops,
          nicolae_shop_behind_doors
D:4:      layout_loops_cross, regret_index_temple_of_mockery,
          minmay_temple_entry_arrows
D:5:      lemuel_ice_spiral_2, layout_rooms, kennysheep_generic_room_10,
          uniq_pikel, uniq_grinder
D:6:      layout_loops_ring, nemelex_dance_club_becter, uniq_menkaure
D:7:      layout_basic, mainiacjoe_overflow_divided_tiny, enter_bailey_6,
          nicolae_ossuary_entry_monument, uniq_maggie

Skill      XL: |  1  2  3  4  5  6  7  8  9 |
---------------+----------------------------+-----
Spellcasting   | 3 4 5 6 7 8 9 |  9.7
Fighting       | 1 2 3 4 5 7 |  7.4
Dodging        | 2 4 |  4.7
Conjurations   | 3 4 |  4.4
Stealth        | |  1.5
Necromancy     | |  4.0

Action                   |  1- 3 |  4- 6 |  7- 9 || total
-------------------------+-------+-------+-------++-------
Melee: Hand axe          |     9 |       |    32 ||    41
       Quarterstaff      |       |    16 |    12 ||    28
Throw: Boomerang         |       |       |     1 ||     1
 Cast: Necrotise         |    56 |    62 |    62 ||   180
       Vampiric Draining |       |    11 |    64 ||    75
       Searing Ray       |       |       |    30 ||    30
       Fulminant Prism   |       |       |     2 ||     2
  Use: Scroll            |       |       |    10 ||    10
 Stab: Sleeping          |       |       |     2 ||     2
Armor: Robe              |     2 |    11 |    21 ||    34
Dodge: Dodged            |    25 |    20 |    95 ||   140
